 Dungeon Crawl Stone Soup version 0.19-a0 (webtiles) character file.

96 MovingMist the Shield-Bearer (level 4, 0/38 HPs)
             Began as a Demigod Fighter on Apr 27, 2016.
             Succumbed to an orc wizard's poison
             ... on level 3 of the Dungeon.
             The game lasted 00:05:29 (2363 turns).

MovingMist the Shield-Bearer (Demigod Fighter)      Turns: 2363, Time: 00:05:30

Health: 0/38       AC:  6    Str: 26    XL:     4   Next: 18%
Magic:  6/6        EV:  8    Int: 12    God:
Gold:   78         SH: 10    Dex: 15    Spells: 1 memorised, 1 level left

rFire  . . .     SeeInvis .     a - +0 war axe
rCold  . . .     Gourm    .     b - +0 scale mail
rNeg   . . .     Faith    .     c - +0 shield
rPois  .         Spirit   .     (no helmet)
rElec  .         Dismiss  .     (no cloak)
rCorr  .         Reflect  .     (no gloves)
SustAt +         Harm     .     (no boots)
MR     .....                    (no amulet)
Stlth  ..........               (no ring)
                                (no ring)

@: mighty, lethally poisoned (0 -> -4), slowed, very slow, not resistant to
hostile enchantments, extremely unstealthy
A: high mp 1, sustain attributes
a: no special abilities


You were on level 3 of the Dungeon.
You were not hungry.

You visited 1 branch of the dungeon, and saw 3 of its levels.

You collected 78 gold pieces.

Inventory:

Hand Weapons
 a - a +0 war axe (weapon)
 o - a +0 blowgun
Missiles
 g - 28 poisoned needles
Armour
 b - a +0 scale mail (worn)
 c - a +0 shield (worn)
Scrolls
 l - a scroll of noise {unknown}
 p - a scroll of teleportation {unknown}
Potions
 e - a potion of degeneration {unknown}
 h - a potion of agility {unknown}
 i - 2 potions of cure mutation {unknown}
 j - 2 potions of curing {unknown}
 k - a potion of lignification {unknown}
 n - a potion of beneficial mutation {unknown}
Books
 m - a book of Air

   Spells                             Type                      Level
   a - Shock                          Conjuration/Air              1
   b - Swiftness                      Charms/Air                   2
   c - Repel Missiles                 Charms/Air                   2
   d - Static Discharge               Conjuration/Air              3
   e - Lightning Bolt                 Conjuration/Air              5
Comestibles
 f - 2 bread rations


   Skills:
 + Level 3.1 Fighting
 + Level 2.6 Axes
 - Level 2.8 Armour
 + Level 1.4 Dodging
 + Level 3.3 Shields


You had one spell level left.
You knew the following spells:

 Your Spells              Type           Power        Failure   Level  Hunger
a - Repel Missiles        Chrm/Air       #.....       100%        2    ###....


Dungeon Overview and Level Annotations

Branches:
Dungeon (3/15)


Innate Abilities, Weirdness & Mutations

You have an increased reservoir of magic (+10% MP).
Your attributes are resistant to harm.


Message History

* * * LOW HITPOINT WARNING * * *
You block the orc's attack.
You hit the orc wizard.
The orc wizard is lightly wounded.
You slice the orc!!
You kill the orc!
* * * LOW HITPOINT WARNING * * *
You feel sick.
The orc wizard hits you but does no damage.
The orc wizard barely misses you. The orc closely misses you.
You closely miss the orc wizard.
The orc wizard is lightly wounded.
* * * LOW HITPOINT WARNING * * *
You feel sick.
The orc wizard hits you but does no damage.
The orc wizard casts a spell at you.
You feel yourself slow down. You block the orc's attack.
You closely miss the orc wizard.
The orc wizard is lightly wounded.
You die...

###...........
#.##.#####.# .#
#.##.# #.# .# #.##.#
###.##.#
#.##.###......#
#.............#
####.(.......<# ##
#####.....#####...##
#.....o@)o.....$
#.#.##)####...##
#.#.##.# ## #.#.##.#
#.#.##.# #.#.##.#
....##.# ###.##.#


You could see an orc wizard and an orc.

Vanquished Creatures
  An adder (D:3)
  2 worms (D:2)
  3 dart slugs
  3 giant geckos
  3 orcs (D:3)
  11 bats
  3 giant cockroaches
  7 goblins
  8 hobgoblins
  8 jackals
  8 kobolds
  A ball python (D:2)
  3 rats
61 creatures vanquished.

Notes
Turn   | Place    | Note
--------------------------------------------------------------
     0 | D:1      | MovingMist the Demigod Fighter began the quest for the Orb.
     0 | D:1      | Reached XP level 1. HP: 18/18 MP: 3/3
   165 | D:1      | Reached XP level 2. HP: 20/25 MP: 4/4
   942 | D:1      | Reached XP level 3. HP: 29/30 MP: 5/5
  1306 | D:2      | Reached skill level 1 in Dodging
  1685 | D:2      | Learned a level 2 spell: Repel Missiles
  2333 | D:3      | Reached XP level 4. HP: 38/38 MP: 6/6
  2361 | D:3      | HP: 1/38 [poisoned by an orc wizard]
  2363 | D:3      | Succumbed to an orc wizard's poison

Vault maps used:
D:1:      dpeg_arrival_ternary, hangedman_abyss_or_decor_stabs,
          minmay_misc_feat_alley
D:3:      marbit_many_paths, minmay_cupped, uniq_natasha

Skill      XL: |  1  2  3 |
---------------+----------+-----
Shields        | 3 |  3.3
Axes           | 2 |  2.6
Dodging        | 1 |  1.4
Fighting       | 3 |  3.1
Armour         | |  2.8

Action                   |  1- 3 |  4- 6 || total
-------------------------+-------+-------++-------
Melee: War axe           |   182 |    24 ||   206
  Use: Scroll            |     1 |       ||     1
       Potion            |       |     1 ||     1
  Eat: Chunk             |     5 |       ||     5
Armor: Scale mail        |    95 |    10 ||   105
Dodge: Dodged            |    81 |     8 ||    89
Block: Shield            |   136 |    12 ||   148
